 Dungeon Crawl Stone Soup version 0.31-a0-986-g5e6e4ef867 (webtiles) character file.

Game seed: 14693861806113791376

856 LeprechaunX the Changeling (level 8, -2/52 HPs)
             Began as an Octopode Shapeshifter on Nov 20, 2023.
             Was an Initiate of Hepliaklqana.
             Slain by Maggie
             ... wielding a +0 broad axe
              (13 damage)
             ... on level 6 of the Dungeon.
             The game lasted 00:10:33 (4919 turns).

LeprechaunX the Changeling (Octopode Shapeshifter)  Turns: 4919, Time: 00:10:33

Health: -2/52      AC:  1    Str: 19    XL:     8   Next: 2%
Magic:  9/10       EV: 13    Int: 13    God:    Hepliaklqana [......]
Gold:   272        SH:  4    Dex: 13    Spells: 8/10 levels left

rFire   x x          .
                       - Unarmed
rCold   + + .        A - +0 buckler
rNeg    . . .        (helmet currently unavailable)
rPois   .            (no amulet)
rElec   .            e - +6 ring of strength
rCorr   .            g - ring of ice
SInv    .            l - ring of ice
Will    .....        (no ring)
Stlth   ++           (no ring)
HPRegen 0.28/turn    (no ring)
MPRegen 0.12/turn    (no ring)
                     (no ring)

%: no passive effects
@: beast-form, wereblooded, mesmerised
A: beast (slay +2), almost no armour, amphibious, 8 rings, camouflage 1,
gelatinous body 1, (nimble swimmer 1), tentacles
a: Begin Untransformation, Renounce Religion


You were on level 6 of the Dungeon.
You worshipped Hepliaklqana.
Hepliaklqana was noncommittal.
You were a hulking beast.
You visited 2 branches of the dungeon, and saw 7 of its levels.

You collected 272 gold pieces.

Inventory:

Hand Weapons
 a - a +0 sling
Missiles
 p - 2 boomerangs (quivered)
 v - 5 javelins
 w - 6 datura-tipped darts
Armour
 A - a +0 buckler (worn)
Jewellery
 e - a +6 ring of strength (left tentacle)
 g - a ring of ice (right tentacle)
 l - a ring of ice (on tentacle)
Talismans
 b - a beast talisman
 c - a flux talisman
 s - a talisman of death
Wands
 u - a wand of iceblast (9)
Scrolls
 d - 5 scrolls of teleportation {unknown}
 f - a scroll of poison {unknown}
 h - 2 scrolls of noise {unknown}
 k - 2 scrolls of identify {unknown}
 m - 2 scrolls of enchant weapon {unknown}
 o - a scroll of immolation {unknown}
 t - a scroll of vulnerability {unknown}
 y - a scroll of fog {unknown}
 C - a scroll of torment {unknown}
 D - a scroll of enchant armour {unknown}
Potions
 i - a potion of curing {unknown}
 j - 2 potions of attraction {unknown}
 n - a potion of berserk rage {unknown}
 q - a potion of resistance {unknown}
 r - a potion of lignification
 x - a potion of might {unknown}
 z - a potion of heal wounds {unknown}
 B - a potion of degeneration {unknown}
 E - a potion of ambrosia {unknown}


   Skills:
 + Level 3.3 Fighting
 + Level 2.2 Throwing
 + Level 3.7 Dodging
 + Level 4.3 Unarmed Combat
 + Level 1.8 Spellcasting
 + Level 2.0 Transmutations
 + Level 2.2 Evocations
 * Level 5.1 Shapeshifting


You had 8 spell levels left.
You knew the following spells:

 Your Spells              Type           Power      Damage    Failure   Level
a - Wereblood             Tmut           6%         N/A       22%         2

Your spell library contained the following spells:

 Spells                   Type           Power      Damage    Failure   Level
 Apportation              Tloc           2%         N/A       32%         1
 Necrotise                Necr           4%         1d4       32%         1
 Summon Small Mammal      Summ           4%         N/A       32%         1
 Ensorcelled Hibernation  Hex/Ice        4%         N/A       45%         2
 Jinxbite                 Hex            2%         N/A       45%         2
 Sublimation of Blood     Necr           1%         N/A       45%         2
 Anguish                  Hex/Necr       0%         N/A       97%         4
 Conjure Ball Lightning   Conj/Air       0%         3x3d6     100%        6
 Summon Hydra             Summ           0%         N/A       100%        7
 Discord                  Hex            0%         N/A       100%        8
 Disjunction              Tloc           0%         N/A       100%        8


Dungeon Overview and Level Annotations

Branches:
Dungeon (6/15)             Temple (1/1) D:4

Altars:
Cheibriados
Dithmenos
Elyvilon
Gozag
Hepliaklqana
Kikubaaqudgha
Makhleb
Nemelex Xobeh
Okawaru
Ru
Sif Muna
Trog
Vehumet
Xom
Yredelemnul
Zin
The Shining One

Annotations:
D:6 Dowan, Maggie


Innate Abilities, Weirdness & Mutations

You are a hulking beast.
Your limbs bulge with bestial killing power. (Slay +2)
You cannot wear most types of armour.
You are amphibious.
You can wear up to eight rings at the same time.
Your skin changes colour to match your surroundings (Stealth+).
Your rubbery body absorbs attacks. (AC +1, EV +1)
((You are camouflaged when in or above water. (Stealth+)))
You have tentacles for arms and can constrict up to eight enemies at once.


Message History

You hear a shout!
Your Transmutations skill increases to level 2!
You have reached level 8!
Casting: Wereblood (safe; 22% risk of failure)
Confirm with . or Enter, or press ? or * to list all spells.
Your blood is infused with primal strength.
You block Maggie's attack.
You tentacle-slap Maggie but do no damage.
You grab Maggie. You squeeze Maggie!
Maggie is moderately wounded.
You constrict Maggie. Maggie hits you with a +0 broad axe.
You barely miss Maggie.
Maggie is moderately wounded.
You constrict Maggie, but do no damage.
You tentacle-slap Maggie but do no damage.
Maggie is moderately wounded.
You constrict Maggie. Maggie hits you with a +0 broad axe.
You tentacle-slap Maggie.
Maggie is moderately wounded.
You constrict Maggie.
Maggie says, "How do the people who live here stand the isolation?"
You block Maggie's attack.
You tentacle-slap Maggie.
Maggie is heavily wounded.
You constrict Maggie.
Maggie casts a spell.
Maggie attempts to bespell you!
You are mesmerised by Maggie!
You tentacle-slap Maggie. You squeeze Maggie.
Maggie is severely wounded.
You constrict Maggie, but do no damage. Maggie closely misses you.
You tentacle-slap Maggie but do no damage.
You tentacle-slap Maggie. You squeeze Maggie, but do no damage.
Maggie is severely wounded.
You constrict Maggie. Maggie hits you with a +0 broad axe!
* * * LOW HITPOINT WARNING * * *
You completely miss Maggie.
Maggie is severely wounded.
You constrict Maggie. Maggie hits you with a +0 broad axe!
You die...

########
#.h....#
#@####.# #Y#
#.# #.# #.#
#.# #.#
?..........#.#
...
.####.#.##@#.#
#.. .Y.#.# #.#
# #.#######
#.. #.#


You could see Maggie (mesmerising) and an ice beast.

Vanquished Creatures
  An ice beast (D:5)
  A phantom (D:5)
  4 scorpions
  A howler monkey (D:4)
  2 hounds
  A jelly (D:4)
  An orc priest (D:3)
  2 iguanas
  An orc wizard (D:4)
  5 adders
  5 gnolls
  2 worms
  4 dart slugs
  14 orcs
  2 endoplasms
  7 giant cockroaches
  8 goblins
  10 hobgoblins
  16 jackals
  7 quokkas
  6 ball pythons
  2 bats (D:1)
  7 frilled lizards
  5 kobolds
  3 rats
117 creatures vanquished.

Notes
Turn   | Place    | Note
-------+----------+-------------------------------------------
     0 | D:1      | LeprechaunX the Octopode Shapeshifter began the quest for
                  | the Orb.
     0 | D:1      | Reached XP level 1. HP: 13/13 MP: 1/1
    98 | D:1      | Reached XP level 2. HP: 18/18 MP: 2/2
   261 | D:1      | Reached XP level 3. HP: 11/23 MP: 3/3
   960 | D:2      | Reached XP level 4. HP: 26/29 MP: 4/4
  2006 | D:3      | Reached skill level 4 in Shapeshifting
  2006 | D:3      | Reached XP level 5. HP: 30/34 MP: 5/5
  2362 | D:3      | Reached skill level 1 in Throwing
  2460 | D:3      | Learned a level 2 spell: Wereblood
  2505 | D:4      | Reached XP level 6. HP: 41/41 MP: 6/6
  2807 | D:4      | Reached skill level 1 in Evocations
  3103 | D:4      | Found a staircase to the Ecumenical Temple.
  3240 | Temple   | Entered the Ecumenical Temple
  3255 | Temple   | Became a worshipper of Hepliaklqana the Forgotten
  3439 | D:4      | Reached skill level 1 in Transmutations
  3659 | D:5      | Entered Level 5 of the Dungeon
  3669 | D:5      | Reached skill level 1 in Spellcasting
  3670 | D:5      | Noticed an ice beast
  3673 | D:5      | Reached XP level 7. HP: 33/45 MP: 8/8
  3803 | D:5      | Found a radiant altar of Vehumet.
  4324 | D:5      | Reached skill level 5 in Shapeshifting
  4848 | D:6      | Noticed Dowan
  4894 | D:6      | Noticed Maggie
  4911 | D:6      | Reached XP level 8. HP: 28/52 MP: 10/10
  4919 | D:6      | Slain by Maggie

Illustrated notes

Levels and vault maps discovered:
D:1:      roderic_octagonal_star, layout_loops_corners, nicolae_wormholes
D:2:      layout_basic
D:3:      layout_loops_ring, wander_ebering_terrifying_dragon_lair
D:4:      layout_loops_cross, temple_hall
D:5:      layout_loops_cross, overflow_temple_1_default
D:6:      layout_basic, gammafunk_ghost_abyssal_escape, uniq_maggie,
          uniq_duvessa, uniq_grinder, uniq_jeremiah
Temple:   nicolae_temple_bog_church

Skill      XL: |  1  2  3  4  5  6  7 |
---------------+----------------------+-----
Fighting       | 2 3 |  3.3
Shapeshifting  | 4 5 |  5.1
Throwing       | 1 2 |  2.2
Dodging        | 3 |  3.7
Evocations     | 1 2 |  2.2
Transmutations | 1 2 |  2.0
Spellcasting   | 1 |  1.8
Unarmed Combat | 4 |  4.3

Action                     |  1- 3 |  4- 6 |  7- 9 || total
---------------------------+-------+-------+-------++-------
  Melee: Unarmed           |    63 |   119 |    58 ||   240
         Tentacles         |    11 |    21 |    14 ||    46
         Constrict         |    15 |    35 |     9 ||    59
         Punch             |     2 |     3 |     3 ||     8
   Fire: Sling             |       |     3 |     3 ||     6
  Throw: Boomerang         |       |     4 |     4 ||     8
   Cast: Wereblood         |       |       |     1 ||     1
  Evoke: Wand              |       |       |     1 ||     1
   Stab: Sleeping          |     8 |    12 |     1 ||    21
 Armour: Skin              |    20 |    48 |    34 ||   102
  Dodge: Dodged            |    26 |    50 |    23 ||    99
  Block: Buckler           |       |       |     7 ||     7

Table legend: (Time is in decaauts)
 A = Elapsed time spent in this place.
 B = Non-inter-level travel time spent in this place.
 C = Inter-level travel time spent in this place.
 D = Time resting spent in this place.
 E = Time spent auto-exploring this place.
 F = Levels seen in this place.
 G = Mean time per level.
                   A        B        C        D        E       F      G
               +--------+--------+--------+--------+--------+-----+--------+
         Total |   4900 |   4631 |    269 |    335 |   3489 |   7 |  700.0 |
       Dungeon |   4874 |   4605 |    269 |    335 |   3489 |   6 |  812.3 |
        Temple |     26 |     26 |      0 |      0 |      0 |   1 |   26.0 |
               +--------+--------+--------+--------+--------+-----+--------+

Top non-repeatable levels by time:
     D:4: 1142 daAuts
     D:5: 1063 daAuts
     D:1: 936 daAuts
     D:2: 774 daAuts
     D:3: 767 daAuts
     D:6: 190 daAuts
  Temple: 26 daAuts
